 Dungeon Crawl Stone Soup version 0.26.0-7-g794d0892b4 (webtiles) character file.

Game seed: 14847780262885357703

360 Acheron the Digger (level 6, -3/35 HPs)
             Began as a Gargoyle Earth Elementalist on Jan 11, 2021.
             Killed from afar by Ijyb (19 damage)
             ... with a bolt of acid
             ... on level 3 of the Dungeon.
             The game lasted 00:22:48 (3905 turns).

Acheron the Digger (Gargoyle Earth Elementalist)    Turns: 3905, Time: 00:22:49

Health: -3/35      AC:  6    Str: 12    XL:     6   Next: 65%
Magic:  11/11      EV: 12    Int: 16    God:
Gold:   332        SH:  0    Dex: 11    Spells: 6/12 levels left

rFire    . . .     SeeInvis .   g - +1 rapier
rCold    . . .     Faith    .   (no shield)
rNeg     + . .     Spirit   .   d - +0 leather armour
rPois    ∞         Reflect  .   (no helmet)
rElec    +         Harm     .   t - +2 cloak
rCorr    .         Rampage  .   (no gloves)
Will     .....                  (no boots)
Stlth    ++........             (no amulet)
HPRegen  0.11/turn              (no ring)
MPRegen  0.12/turn              (no ring)

@: corroded
A: negative energy resistance 1, electricity resistance, unbreathing,
petrification resistance, miasma immunity, AC +4
a: no special abilities


You were on level 3 of the Dungeon.
You visited 1 branch of the dungeon, and saw 5 of its levels.

You collected 332 gold pieces.

Inventory:

Hand Weapons
 g - a +1 rapier (weapon)
 q - a +1 short sword
Missiles
 b - 50 stones
 f - 8 curare-tipped darts
 j - 41 sling bullets
 o - 18 poisoned darts
Armour
 d - a +0 leather armour (worn)
 t - a +2 cloak (worn)
Jewellery
 a - an uncursed ring of poison resistance {unknown}
 m - a cursed amulet of inaccuracy {unknown}
Wands
 l - a wand of polymorph (11)
Scrolls
 h - a scroll of blinking
 i - a scroll of enchant armour
Potions
 c - a potion of heal wounds
 k - a potion of invisibility
 n - a potion of degeneration {unknown}
 p - a potion of flight {unknown}
 r - 2 potions of cancellation {unknown}
 s - a potion of haste {unknown}
 u - a potion of lignification {unknown}


   Skills:
 * Level 2.0 Fighting
 * Level 0.6 Short Blades
 * Level 1.1 Throwing
 * Level 1.3 Armour
 * Level 1.9 Dodging
 * Level 3.0 Stealth
 * Level 3.9 Spellcasting
 * Level 0.6 Conjurations
 * Level 1.1 Transmutations
 * Level 5.1 Earth Magic
 * Level 0.5 Evocations


You had 6 spell levels left.
You knew the following spells:

 Your Spells              Type           Power        Failure   Level
a - Sandblast             Erth           38%          2%          1
b - Stone Arrow           Conj/Erth      24%          21%         3
c - Passwall              Tmut/Erth      10%          9%          2

Your spell library contained the following spells:

 Spells                   Type           Power        Failure   Level
 Petrify                  Tmut/Erth      13%          52%         4
 Lee's Rapid Deconstruct  Erth           9%           58%         5


Dungeon Overview and Level Annotations

Branches:
Dungeon (5/15)
 Temple: D:4-7

Altars:
Nemelex Xobeh

Annotations:
D:3 Ijyb
D:5 Eustachio


Innate Abilities, Weirdness & Mutations

You are resistant to torment.
Your stone body is resilient. (AC +4)
You are immune to poison.
You resist negative energy. (rN+)
You are resistant to electric shocks. (rElec)
You can survive without breathing.
You are immune to petrification.
You are immune to miasma.


Message History

You barely miss Ijyb.
Ijyb is heavily wounded.
Ijyb closely misses you.
You barely miss Ijyb.
Ijyb is heavily wounded.
Ijyb hits you but does no damage.
You hit Ijyb but do no damage.
Ijyb is heavily wounded.
Ijyb closely misses you.
You closely miss Ijyb.
Ijyb is heavily wounded.
Ijyb zaps a wand.
The bolt of acid misses you. Ijyb barely misses you.
You closely miss Ijyb.
Ijyb is moderately wounded.
Ijyb zaps a wand.
The bolt of acid misses you.
You hit Ijyb.
Ijyb is heavily wounded.
Ijyb zaps a wand.
The bolt of acid hits you!!
Ouch! That really hurt!
You die...

##### ########...###########
..#....†###.†........####
#.#.##.## ##.#######....# ###
#.#.##.# #..........#.#####.##
.....#.# #.#######...(.[...#.##
.....##.###.###.@g..........###..
.....###...# #.####.######..#.##
...........# #.# #.# #.#.##
.....####..# #.# #.# #.### .....#
#..# #.# #.######.##### .....#
##.####.# #.........<... .#####
#......# #############. .##
#.###### ######. ..# #.# #......


You could see Ijyb.

Vanquished Creatures
  A bullfrog (D:2)
  A bullfrog skeleton (D:4)
  A gnoll shaman (D:4)
  Natasha (thrice) (D:2)
  A hound skeleton (D:4)
  3 adders
  4 gnolls (D:4)
  An ooze (D:1)
  2 worms
  A dart slug (D:1)
  2 leopard geckos
  2 orcs
  2 ball pythons
  3 giant cockroaches
  7 goblins
  6 hobgoblins
  6 jackals
  7 kobolds
  5 quokkas
  8 bats
  4 frilled lizards
  4 rats
74 creatures vanquished.

Notes
Turn   | Place    | Note
-------+----------+-------------------------------------------
     0 | D:1      | Acheron the Gargoyle Earth Elementalist began the quest for
                  | the Orb.
     0 | D:1      | Reached XP level 1. HP: 10/10 MP: 3/3
   430 | D:1      | Reached XP level 2. HP: 16/16 MP: 3/5
   621 | D:2      | Reached skill level 1 in Fighting
   700 | D:2      | Reached skill level 4 in Earth Magic
   774 | D:2      | Noticed a bullfrog
   782 | D:2      | Killed a bullfrog
   783 | D:2      | Reached XP level 3. HP: 16/20 MP: 0/7
   783 | D:2      | Reached XP level 4. HP: 20/25 MP: 0/8
   867 | D:2      | Learned a level 3 spell: Stone Arrow
   881 | D:2      | Noticed Natasha
   907 | D:2      | Killed Natasha
  1070 | D:2      | Noticed Natasha
  1077 | D:2      | Killed Natasha
  1078 | D:2      | Reached XP level 5. HP: 19/29 MP: 6/9
  1230 | D:2      | Noticed Natasha
  1233 | D:2      | Killed Natasha
  1814 | D:1      | Learned a level 2 spell: Passwall
  2375 | D:3      | Reached skill level 5 in Earth Magic
  2437 | D:4      | Reached XP level 6. HP: 27/35 MP: 6/11
  2453 | D:5      | Entered Level 5 of the Dungeon
  2533 | D:5      | Noticed Eustachio
  2572 | D:4      | Reached skill level 1 in Throwing
  2586 | D:4      | Reached skill level 1 in Armour
  2586 | D:4      | Reached skill level 1 in Transmutations
  3131 | D:4      | Noticed a two-headed ogre
  3225 | D:3      | Noticed Ijyb
  3394 | D:3      | Found a sparkling altar of Nemelex Xobeh.
  3905 | D:3      | Killed from afar by Ijyb

Illustrated notes

Levels and vault maps discovered:
D:1:      evilmike_arrival_home_sweet_home, layout_basic
D:2:      layout_loops_cross, uniq_natasha
D:3:      layout_loops_ring, nemelex_xobeh_ov_fountains_minmay, uniq_ijyb
D:4:      layout_rooms
D:5:      layout_cave_pools, gammafunk_temple_overflow_wave,
          nicolae_ru_path_of_blood, uniq_eustachio

Skill      XL: |  1  2  3  4  5  6 |
---------------+-------------------+-----
Fighting       | 1 2 |  2.0
Earth Magic    | 4 5 |  5.1
Spellcasting   | 3 |  3.9
Throwing       | 1 |  1.1
Armour         | 1 |  1.3
Stealth        | 3 |  3.0
Transmutations | 1 |  1.1
Short Blades   | |  0.6
Dodging        | |  1.9
Conjurations   | |  0.6
Evocations     | |  0.5

Action                   |  1- 3 |  4- 6 || total
-------------------------+-------+-------++-------
Melee: Unarmed           |     2 |       ||     2
       Dagger            |    14 |    44 ||    58
       Short sword       |       |    30 ||    30
       Rapier            |       |   110 ||   110
 Cast: Sandblast         |    18 |    64 ||    82
  Use: Potion            |       |     1 ||     1
       Scroll            |       |     8 ||     8
 Stab: Sleeping          |       |     5 ||     5
Armor: Robe              |     4 |       ||     4
       Leather armour    |     8 |   100 ||   108
Dodge: Dodged            |    10 |   160 ||   170
